 Dungeon Crawl Stone Soup version 0.25-a0-927-g39f137c8b7 (webtiles) character file.

Game seed: 2346635545392871501, levelgen mode: deterministic

6028 Maedhros the Martial Artist (level 10, -17/69 HPs)
             Began as an Octopode Artificer on May 3, 2020.
             Was an Elder of Cheibriados.
             Shot with a sling bullet by Joseph (20 damage)
             ... on level 9 of the Dungeon.
             The game lasted 00:25:48 (5069 turns).

Maedhros the Martial Artist (Octopode Artificer)    Turns: 5069, Time: 00:25:51

Health: -17/69     AC:  4    Str: 29    XL:     10   Next: 86%
Magic:  5/15       EV: 19    Int: 21    God:    Cheibriados [****..]
Gold:   689        SH:  0    Dex: 24    Spells: 6/9 levels left

rFire    . . .     SeeInvis .     - Unarmed
rCold    . . .     Gourm    .   (no shield)
rNeg     . . .     Faith    .   (helmet restricted)
rPois    +         Spirit   .   k - amulet of the acrobat
rElec    .         Reflect  .   g - ring of protection from magic
rCorr    .         Harm     .   w - +4 ring of strength
MR       +....                  i - +4 ring of slaying
Stlth    ++++......             y - +5 ring of strength
HPRegen  0.21/turn              a - +3 ring of protection
MPRegen  0.14/turn              (no ring)
                                (no ring)
                                (no ring)

@: mighty, lightly drained, very slow
A: almost no armour, stealthy swim, amphibious, 8 rings, constrict 8, tentacle
spike 1, camouflage 1, blurry vision 1, clumsy 1, dopey 1, poison resistance,
weak 1, gelatinous body 1, evolution 1
a: Bend Time, Temporal Distortion, Slouch, Renounce Religion


You were on level 9 of the Dungeon.
You worshipped Cheibriados.
Cheibriados was greatly pleased with you.
You were not hungry.

You visited 2 branches of the dungeon, and saw 11 of its levels.
You also visited: Ossuary.

You collected 689 gold pieces.

Inventory:

Hand Weapons
 e - the +7 falchion of Ajostab {antimagic, +Inv MR+ Int-2 Dex+2}
   (You found it on level 7 of the Dungeon)

   It reduces the magical energy of the wielder, and disrupts the spells and
   magical abilities of those hit.
   Natural abilities and divine invocations are not affected.
   It affects your intelligence (-2).
   It affects your dexterity (+2).
   It affects your resistance to hostile enchantments.
   It lets you turn invisible.
 s - a +6 hunting sling
 E - the +6 halberd of Foul Odors {vorpal, Int+7}
   (You found it on level 5 of the Dungeon)

   It inflicts extra damage upon your enemies.
   It affects your intelligence (+7).
Missiles
 d - 3 javelins
 q - 3 atropa-tipped darts
 x - 101 stones (quivered)
 A - 85 sling bullets
Jewellery
 a - a +3 ring of protection (on tentacle)
 g - a ring of protection from magic (left tentacle)
 i - a +4 ring of slaying (on tentacle)
 j - an uncursed amulet of faith
 k - an amulet of the acrobat (around mantle)
 w - a +4 ring of strength (right tentacle)
 y - a +5 ring of strength (on tentacle)
 B - an uncursed ring of ice
Wands
 b - a wand of flame (20)
 c - a wand of enslavement (11)
Scrolls
 l - 5 scrolls of remove curse
 m - a scroll of amnesia {unknown}
 o - 3 scrolls of identify
 p - 2 scrolls of immolation
 r - 2 scrolls of magic mapping
 t - a scroll of noise
 u - 4 scrolls of teleportation
 z - a scroll of blinking {unknown}
 F - 2 scrolls of enchant armour {unknown}
Potions
 n - a potion of brilliance
 v - 3 potions of magic
 C - 2 potions of cancellation
 D - a potion of stabbing
Comestibles
 f - 14 rations
 H - 3 chunks of flesh


   Skills:
 + Level 6.7(6.5) Fighting
   Level 1.0(0.8) Short Blades
 + Level 7.0(6.8) Dodging
 - Level 4.0(3.7) Stealth
 - Level 10.0(9.7) Unarmed Combat
 - Level 7.0(6.8) Invocations
 + Level 5.4(5.2) Evocations


You had 6 spell levels left.
You knew the following spells:

 Your Spells              Type           Power        Failure   Level  Hunger
a - Tukima's Dance        Hex            #.......     47%         3    ####...

Your spell library contained the following spells:

 Spells                   Type           Power        Failure   Level  Hunger
 Corona                   Hex            #......      19%         1    ##.....
 Ensorcelled Hibernation  Hex/Ice        #.....       26%         2    ###....
 Confusing Touch          Hex            #.......     47%         3    ####...
 Dazzling Flash           Conj/Hex       #.....       47%         3    ####...


Dungeon Overview and Level Annotations

Branches:
Dungeon (10/15)            Temple (1/1) D:4            Lair (0/6) D:8
    Orc (0/2) D:9         Ossuary (visited)

Altars:
Ashenzari
Cheibriados
Dithmenos
Elyvilon
Fedhas
Gozag
Hepliaklqana
Kikubaaqudgha
Makhleb
Nemelex Xobeh
Okawaru
Qazlal
Ru
Trog
Uskayaw
Vehumet
Xom
Yredelemnul
Zin
The Shining One

Shops:
D:10 *

Annotations:
D:4 3 runed translucent doors, waddelsworth's ghost, novice OpWz
D:6 2 transporters
D:9 Joseph


Innate Abilities, Weirdness & Mutations

You cannot wear most types of armour.
You are very stealthy in the water. (Stealth+)
You are amphibious.
You can wear up to eight rings at the same time.
You can use your tentacles to constrict eight enemies at once.
Your skin changes colour to match your surroundings (Stealth+).
Your rubbery body absorbs attacks. (AC +1, EV +1)
One of your tentacles bears a spike.
Scrolls take you a little longer to read.
You are clumsy. (Dex -2)
You are dopey. (Int -2)
Your system is resistant to poisons. (rPois)
You are weak. (Str -2)
You evolve.


Message History

Press: ? - help, Shift-Dir - straight line, f - Joseph
Aim: Joseph, wielding a +0 quarterstaff, wearing a +0 leather armour and quivering 28 sling bullets (lightly wounded, chance to defeat MR: 44%) Joseph resists with some effort.
Evoke which item? (* to show all) (? for menu, Esc to quit)
Aiming: Paralyse
Press: ? - help, Shift-Dir - straight line, f/p - Joseph
Aim: Joseph, wielding a +0 quarterstaff, wearing a +0 leather armour and quivering 28 sling bullets (lightly wounded, chance to defeat MR: 44%) Joseph resists with some effort.
The now-empty wand crumbles to dust.
Joseph hits you with a +0 quarterstaff.
* * * LOW HITPOINT WARNING * * *
You fail to use your ability.
Joseph misses you.
You step out of the flow of time.
You return to the normal time flow.
You feel somewhat more hungry.
You can no longer step out of the flow of time.
Cheibriados lowers the support of your attributes as your movement quickens.
Joseph unwields a +0 quarterstaff.
Joseph wields a +1 vorpal hunting sling.
Joseph shoots a sling bullet.
The sling bullet hits you!!
You die...
Xom roars with laughter!

###### ####### ########## #....#
#.....# #...)....# #....#
#.....# ###....@...# #....#
......####..........# #....#
#.....#....#........#### #.|..#
#.....#.####..@........####....#
#.)...).# #........##.........#
#.....### ##.#############....#
####.## #.. ###.## ...[.# ####
#..# .####### ######'##


You could see Joseph.

Vanquished Creatures
  Grum (D:8)
  Maggie (D:7)
  Grinder (D:6)
  8 yaks (D:8)
  A basilisk (D:8)
  A hungry ghost (D:7)
  Menkaure (D:7)
  5 porcupines (D:8)
  2 ice beasts
  A phantom (D:4)
  2 sky beasts
  2 orc warriors
  5 ogres
  A wolf (D:8)
  A centaur (D:9)
  A crocodile (D:8)
  A bullfrog (D:9)
  3 scorpions
  5 wights
  A howler monkey (D:6)
  2 electric eels (D:8)
  2 bullfrog zombies (D:7)
  A crimson imp (D:10)
  A quasit (D:6)
  A centaur zombie (D:9)
  3 hounds
  7 orc wizards
  7 orc priests
  A bullfrog skeleton (D:6)
  Crazy Yiuf (D:6)
  4 iguanas
  6 worker ants
  A killer bee zombie (D:5)
  A big kobold zombie (Ossuary)
  2 centaur simulacra (D:8)
  A hound zombie (D:6)
  A hound skeleton (D:4)
  6 mummies (Ossuary)
  A howler monkey zombie (D:6)
  3 gnolls (D:5)
  7 adders
  2 shadow imps
  3 white imps (D:8)
  2 adder zombies
  3 adder skeletons
  4 worms
  An adder simulacrum (D:8)
  3 leopard geckos
  43 orcs
  6 giant cockroaches
  5 goblins
  8 hobgoblins
  6 jackals
  9 kobolds
  5 quokkas
  2 ball pythons
  A ball python zombie (D:5)
  4 bats
  5 frilled lizards
  A gnoll zombie (Ossuary)
  A hobgoblin zombie (Ossuary)
  A leopard gecko skeleton (D:8)
  A leopard gecko zombie (D:6)
  5 orc zombies (Ossuary)
  6 rats
  A fungus (D:6)
231 creatures vanquished.

Vanquished Creatures (collateral kills)
  A wight (D:6)
  A mummy (Ossuary)
  A leopard gecko (D:3)
  A bat (D:3)
4 creatures vanquished.

Vanquished Creatures (others)
  2 wolves (D:8)
  A mummy (Ossuary)
  2 bushes (D:8)
  6 fungi (D:8)
  16 plants (D:8)
27 creatures vanquished.

Grand Total: 262 creatures vanquished

Notes
Turn   | Place    | Note
-------+----------+-------------------------------------------
     0 | D:1      | Maedhros the Octopode Artificer began the quest for the
                  | Orb.
     0 | D:1      | Reached XP level 1. HP: 13/13 MP: 3/3
   127 | D:1      | Reached XP level 2. HP: 9/18 MP: 4/4
   423 | D:3      | Reached XP level 3. HP: 16/23 MP: 5/5
   547 | D:3      | Reached skill level 1 in Unarmed Combat
   617 | D:3      | Found a hide-covered altar of Uskayaw.
   632 | D:4      | Found a sparkling altar of Nemelex Xobeh.
   680 | D:4      | Noticed waddelsworth's ghost (novice OpWz)
   688 | D:4      | Found a runed translucent gate.
   688 | D:4      | Found a runed translucent gate.
   688 | D:4      | Found a runed translucent gate.
   758 | D:4      | Reached skill level 2 in Unarmed Combat
   787 | D:4      | Found an opulent altar of Gozag.
   797 | D:4      | Reached XP level 4. HP: 24/28 MP: 6/6
   803 | D:4      | Found a staircase to the Ecumenical Temple.
   814 | Temple   | Entered the Ecumenical Temple
   888 | Temple   | Became a worshipper of Xom the Random Number God
   893 | Temple   | Fell from the grace of Xom
   893 | Temple   | Became a worshipper of Cheibriados the Contemplative
  1048 | D:4      | Noticed a phantom
  1058 | D:4      | Killed a phantom
  1058 | D:4      | Reached skill level 4 in Unarmed Combat
  1058 | D:4      | Reached XP level 5. HP: 33/33 MP: 7/7
  1072 | D:4      | Found a sand-covered staircase.
  1077 | Ossuary  | Entered an ossuary
  1207 | Ossuary  | Reached XP level 6. HP: 25/38 MP: 8/8
  1210 | Ossuary  | Reached skill level 5 in Unarmed Combat
  1633 | D:3      | XOM: stat loss: -3 Int (11/14)
  1638 | D:3      | Reached skill level 6 in Unarmed Combat
  1854 | D:2      | Reached * piety under Cheibriados
  2292 | D:3      | Reached XP level 7. HP: 43/43 MP: 9/9
  2293 | D:3      | XOM: summons 5 hostile demons
  2328 | D:3      | Gained mutation: You are clumsy. (Dex -2) [potion of
                  | mutation]
  2328 | D:3      | Gained mutation: Your body sometimes deteriorates upon
                  | taking damage. [potion of mutation]
  2328 | D:3      | Gained mutation: You are weak. (Str -2) [potion of
                  | mutation]
  2328 | D:3      | Gained mutation: You are robust. (+10% HP) [potion of
                  | mutation]
  2329 | D:3      | Lost mutation: Your body sometimes deteriorates upon taking
                  | damage. [potion of mutation]
  2329 | D:3      | Lost mutation: You are robust. (+10% HP) [potion of
                  | mutation]
  2329 | D:3      | Gained mutation: Your system is resistant to poisons.
                  | (rPois) [potion of mutation]
  2329 | D:3      | Gained mutation: One of your tentacles bears a spike.
                  | [potion of mutation]
  2460 | D:4      | XOM: noise
  2579 | D:5      | Entered Level 5 of the Dungeon
  2598 | D:5      | Reached skill level 7 in Unarmed Combat
  2661 | D:5      | Reached ** piety under Cheibriados
  2719 | D:5      | XOM: polymorph worker ant -> scorpion
  2818 | D:5      | Reached skill level 8 in Unarmed Combat
  2818 | D:5      | Reached XP level 8. HP: 47/48 MP: 10/10
  2986 | D:5      | Got a slimy halberd
  2987 | D:5      | Identified the +6 halberd of Foul Odors {vorpal, Int+7}
                  | (You found it on level 5 of the Dungeon)
  3050 | D:6      | Found a shattered altar of Ashenzari.
  3053 | D:6      | Noticed a kobold demonologist
  3059 | D:6      | Found a transporter.
  3064 | D:6      | Noticed a kobold demonologist
  3078 | D:6      | Found a transporter.
  3122 | D:6      | Reached *** piety under Cheibriados
  3131 | D:6      | Reached skill level 9 in Unarmed Combat
  3225 | D:6      | Found a shadowy altar of Dithmenos.
  3227 | D:6      | Noticed Grinder
  3233 | D:6      | Killed Grinder
  3233 | D:6      | Reached skill level 10 in Unarmed Combat
  3315 | D:6      | Found a runed translucent door.
  3316 | D:6      | Noticed Crazy Yiuf
  3321 | D:6      | Killed Crazy Yiuf
  3345 | D:6      | Reached XP level 9. HP: 53/55 MP: 11/11
  3434 | D:7      | Found a sparkling altar of Nemelex Xobeh.
  3479 | D:6      | XOM: silly message
  3512 | D:6      | XOM: divination: detect items
  3559 | D:7      | You fall into a shaft and drop 3 floors!
  3559 | D:10     | Entered Level 10 of the Dungeon
  3559 | D:10     | Noticed an orc knight
  3559 | D:10     | Noticed a wizard
  3560 | D:10     | Noticed a deep elf knight
  3560 | D:10     | Noticed an orc knight
  3560 | D:10     | Noticed a +5 long sword
  3560 | D:10     | XOM: silly message
  3562 | D:10     | Noticed Joseph
  3571 | D:10     | Found Kischimue's General Store.
  3802 | D:9      | Reached **** piety under Cheibriados
  3868 | D:8      | XOM: silly message
  3935 | D:8      | Noticed Grum
  3948 | D:8      | Reached skill level 1 in Invocations
  3950 | D:8      | Killed Grum
  4043 | D:8      | Reached skill level 5 in Dodging
  4110 | D:7      | XOM: 1-stop teleportation journey
  4111 | D:7      | Noticed Menkaure
  4115 | D:7      | Killed Menkaure
  4146 | D:7      | XOM: 2-stop teleportation journey
  4147 | D:7      | Noticed Maggie
  4148 | D:7      | Reached skill level 5 in Fighting
  4150 | D:7      | Killed Maggie
  4154 | D:7      | Got a translucent falchion
  4155 | D:7      | Identified the +7 falchion of Ajostab {antimagic, +Inv MR+
                  | Int-2 Dex+2} (You found it on level 7 of the Dungeon)
  4185 | D:7      | Reached skill level 5 in Invocations
  4185 | D:7      | Reached XP level 10. HP: 39/66 MP: 4/13
  4762 | D:8      | Found a staircase to the Lair.
  4817 | D:8      | Learned a level 3 spell: Tukima's Dance
  4869 | D:8      | Reached skill level 5 in Evocations
  4898 | D:8      | XOM: divination: magic mapping
  4908 | D:9      | XOM: 2-stop teleportation journey
  4927 | D:9      | Reached ***** piety under Cheibriados
  4935 | D:9      | Found a staircase to the Orcish Mines.
  5025 | D:9      | XOM: give mutations
  5025 | D:9      | Gained mutation: You are dopey. (Int -2) [Xom's mischief]
  5025 | D:9      | Gained mutation: You evolve. [Xom's mischief]
  5025 | D:9      | Gained mutation: Scrolls take you a little longer to read.
                  | [Xom's mischief]
  5067 | D:9      | HP: 2/69 [Joseph/+0 quarterstaff (4)]
  5069 | D:9      | Shot with a sling bullet by Joseph

Levels and vault maps discovered:
D:1:      tarquinn_simple_flora_water_b, layout_basic
D:2:      layout_basic, minmay_pentomino_p2
D:3:      layout_rooms, old_standard_altar
D:4:      layout_layer_cave, kennysheep_mini_moat,
          minmay_temple_entry_antechambers, enter_ossuary_5,
          gammafunk_ghost_icy, first_ration, grunt_ministairs_7,
          nemelex_lonely_heart_becter
D:5:      layout_loops_ring
D:6:      gammafunk_wand_slinger, layout_rooms,
          nicolae_dithmenos_through_a_glass_darkly, basic_altar,
          minmay_misc_feat_doors, minmay_misc_feat_chi, uniq_grinder,
          uniq_crazy_yiuf_cottage
D:7:      layout_rooms, gammafunk_temple_overflow_wave,
          nemelex_xobeh_ov_fountains_minmay, uniq_maggie, uniq_menkaure
D:8:      layout_rooms, minmay_lair_entry_grove, serial_ice, serial_ice_f,
          serial_ice_l, serial_ice_n, serial_ice_g, abandoned_shop,
          blue_anna_alchemist [blue_anna_fruit_fields, blue_anna_fruit_fields],
          uniq_grum
D:9:      layout_roguey, david_orc_2
D:10:     layout_stronghold, serial_shops, shop_scrolls, kennysheep_mini,
          nicolae_shop_waterfront, nicolae_shop_stone, kennysheep_little_box,
          sword_in_stone
Temple:   minmay_temple_bridge_d

Skill      XL: |  1  2  3  4  5  6  7  8  9 10 |
---------------+-------------------------------+-----
Stealth        | 3 4 |  4.0
Unarmed Combat | 2 4 6 8 10 | 10.0
Fighting       | 2 5 6 |  6.7
Dodging        | 3 5 7 |  7.0
Invocations    | 5 7 |  7.0
Evocations     | 5 |  5.4
Short Blades   | |  1.0

Action                   |  1- 3 |  4- 6 |  7- 9 | 10-12 || total
-------------------------+-------+-------+-------+-------++-------
Melee: Short sword       |    73 |    13 |       |       ||    86
       Constrict         |    20 |    25 |    45 |    16 ||   106
       Tentacles         |    12 |    29 |    37 |    19 ||    97
       Unarmed           |       |    83 |    61 |    59 ||   203
       Punch             |       |     2 |    11 |     7 ||    20
       Kick              |       |       |    53 |    41 ||    94
       Halberd           |       |       |    80 |       ||    80
       Falchion          |       |       |     2 |     8 ||    10
 Fire: Hunting sling     |       |     9 |     4 |    18 ||    31
Throw: Stone             |       |       |       |     1 ||     1
Invok: Slouch            |       |       |     1 |     1 ||     2
       Step From Time    |       |       |       |     1 ||     1
Evoke: Wand              |     7 |     9 |    13 |     5 ||    34
  Use: Potion            |     1 |     1 |     8 |     1 ||    11
       Scroll            |       |     6 |    15 |       ||    21
 Stab: Sleeping          |     6 |     7 |    12 |     5 ||    30
       Paralysed         |       |     2 |     2 |     1 ||     5
       Distracted        |       |       |     2 |     1 ||     3
  Eat: Chunk             |       |     1 |     3 |     2 ||     6
       Ration            |       |     1 |       |       ||     1
Armor: Skin              |     4 |     6 |     5 |     5 ||    20
Dodge: Dodged            |    45 |    54 |    99 |    50 ||   248
       Rpst.: Falchion   |       |       |       |     3 ||     3

Table legend:
 A = Non-vault XP
 B = Vault XP
 C = Vault XP percentage of total XP
 D = Non-vault monster count
 E = Vault monster count
 F = Vault count percentage of total count
                 A         B        C        D         E       F
            +---------+---------+-------+---------+---------+-------
      Total |    4259 |    4353 |  50.5 |     181 |      53 |  22.6
            +---------+---------+-------+---------+---------+-------
        D:1 |      17 |       0 |   0.0 |      13 |       0 |   0.0
        D:2 |      76 |       4 |   5.0 |      18 |       2 |  10.0
        D:3 |      66 |       0 |   0.0 |      27 |       0 |   0.0
        D:4 |     442 |      18 |   3.9 |      17 |       1 |   5.6
        D:5 |     539 |       0 |   0.0 |      29 |       0 |   0.0
        D:6 |     858 |     301 |  26.0 |      28 |       2 |   6.7
        D:7 |     841 |     599 |  41.6 |      14 |       2 |  12.5
        D:8 |     489 |    3262 |  87.0 |      15 |      24 |  61.5
        D:9 |     836 |      21 |   2.5 |      16 |       7 |  30.4
       D:10 |      95 |       0 |   0.0 |       4 |       0 |   0.0
    Ossuary |       0 |     148 | 100.0 |       0 |      15 | 100.0
            +---------+---------+-------+---------+---------+-------
